[Event "Team 45 45 League T49"]
[Site "Internet Chess Club"]
[Date "2011.06.11"]
[Round "5"]
[White "PandorasBox"]
[Black "fledermaus"]
[Result "1/2-1/2"]
[WhiteElo "1969"]
[BlackElo "1944"]
[Opening "English opening"]
[ECO "A13"]
[Time "17:02:38"]
[TimeControl "2700+45"]

1. c4 e6 2. g3 d5 3. Bg2 Nf6 4. Nf3 d4 5. b4 c5 6. d3 cxb4 7. O-O Nc6 8. a3 bxa3
9. Nxa3 Bc5 10. Bg5 O-O 11. Qc1 e5 12. Nb5 Be7 13. Nd2 Bg4 14. Re1 a6 15. Na3
Nd7 16. Bxe7 Qxe7 17. Qb2 Nc5 18. Ne4 Nxe4 19. Bxe4 Rae8 20. Nc2 Qc7 21. Rab1
Bc8 22. e3 dxe3 23. Nxe3 Nd4 24. Nd5 Qd6 25. Qb6 Qxb6 26. Rxb6 Ne6 27. Bg2 Nc5
28. Re3 Bf5 29. Be4 Bd7 30. Bg2 Bf5 31. Bf1 f6 32. f3 Bd7 33. Kf2 Bc6 34. Nb4
Bd7 35. Re1 a5 36. Nd5 Bc6 37. Nc3 Rd8 38. Rd1 Rd7 39. Ke3 Rfd8 40. Be2 a4 41.
Na2 f5 42. Nb4 a3 43. Nxc6 bxc6 44. Rxc6 f4+ 45. gxf4 exf4+ 46. Kxf4 Nxd3+ 47.
Bxd3 Rxd3 48. Rxd3 Rxd3 49. Ke4 Rc3 50. Ra6 Rxc4+ 51. Kf5 Rh4 52. Rxa3 g6+ 53.
Kg5 Rh5+ 54. Kg4 Rxh2 55. Ra7 Rh5 56. f4 Rf5 57. Ra8+ Kg7 58. Ra7+ Kh6 59. Re7
Ra5 60. Kf3 Ra4 {Game drawn by mutual agreement} 1/2-1/2

[Event "Team 45 45 League T49"]
[Site "Internet Chess Club"]
[Date "2011.06.11"]
[Round "5"]
[White "DarkFlow"]
[Black "jkovar"]
[Result "0-1"]
[WhiteElo "2017"]
[BlackElo "1821"]
[Opening "Sicilian: accelerated fianchetto, Gurgenidze variation"]
[ECO "B36"]
[Time "12:01:01"]
[TimeControl "2700+45"]

1. e4 c5 2. Nf3 Nc6 3. d4 cxd4 4. Nxd4 g6 5. c4 Nf6 6. Nc3 Nxd4 7. Qxd4 d6 8.
Bg5 Bg7 9. Qd2 O-O 10. Be2 Bd7 11. O-O Bc6 12. f3 Nd7 13. Kh1 a5 14. Rac1 a4 15.
Nd5 Bxd5 16. cxd5 Nc5 17. Be3 Qa5 18. Rfd1 Qxd2 19. Rxd2 b6 20. Bb5 h5 21. Bg5
Ra7 22. Be3 Kh7 23. Bd4 Bh6 24. Rdc2 Bxc1 25. Rxc1 f5 26. Kg1 fxe4 27. fxe4 Nxe4
28. Bxb6 Rb7 29. Rc6 Rfb8 30. Bd3 Rxb6 31. Bxe4 Rxb2 32. Rc7 Re8 33. Bd3 Kh6 34.
Bb5 Rf8 35. Bxa4 Rb1+ {White resigns} 0-1

[Event "Team 45 45 League T49"]
[Site "Internet Chess Club"]
[Date "2011.06.14"]
[Round "5"]
[White "Hal2001"]
[Black "Grenadier"]
[Result "0-1"]
[WhiteElo "1686"]
[BlackElo "1789"]
[Opening "Caro-Kann: exchange variation"]
[ECO "B13"]
[Time "20:00:42"]
[TimeControl "2700+45"]

1. e4 c6 2. d4 d5 3. exd5 cxd5 4. Bd3 Nc6 5. c3 Qc7 6. h3 Nf6 7. Nf3 g6 8. Bg5
Ne4 9. Bh4 e6 10. Bxe4 dxe4 11. Bf6 exf3 12. Bxh8 fxg2 13. Rg1 Qh2 14. Ke2 b6
15. Nd2 Ba6+ 16. c4 Nxd4+ 17. Bxd4 O-O-O 18. Qa4 Kb7 19. Nf3 Qf4 20. Qc2 e5 21.
Rxg2 exd4 22. Rg4 Re8+ 23. Kf1 Qxf3 24. b3 d3 25. Qd1 Re2 26. Rg2 Bc5 {White
resigns} 0-1

[Event "Team 45 45 League T49"]
[Site "Internet Chess Club"]
[Date "2011.06.09"]
[Round "5"]
[White "GoIrish"]
[Black "rahulr"]
[Result "1-0"]
[WhiteElo "1584"]
[BlackElo "1610"]
[Opening "Réti: King's Indian attack (Barcza system)"]
[ECO "A07"]
[Time "21:04:07"]
[TimeControl "2700+45"]

1. Nf3 d5 2. g3 Nc6 3. d4 Nf6 4. Bg2 Bf5 5. O-O e6 6. Nbd2 Be7 7. c4 O-O 8. cxd5
exd5 9. Re1 Nb4 10. e4 dxe4 11. Nh4 Bg4 12. Qb3 Nd3 13. Rxe4 Nxe4 14. Qxd3 Nxd2
15. Bxd2 Bxh4 16. gxh4 Qxh4 17. Qe4 Rfe8 18. Qf4 Qh5 19. Bxb7 Rad8 20. Bc3 g5
21. Qg3 Bf5 22. Bf3 g4 23. Bg2 Qg6 24. Qxc7 Be4 25. Bf1 Rd6 26. Re1 h5 27. Bd3
Rde6 28. Bc4 R6e7 29. Qg3 Qf5 30. Bb4 Rb7 31. Bc3 Rb6 32. Bd3 Rbe6 33. Bc4 Rh6
34. Qe3 Rf6 35. d5 Rg6 36. Bd3 Qf3 37. Bxe4 Rxe4 38. Qxe4 f6 39. Qxf3 gxf3+ 40.
Kf1 Rg2 41. Re3 Rxh2 42. Rxf3 h4 43. Kg1 Rh3 44. Rxh3 Kf7 45. Rxh4 Ke8 46. Rd4
Kf8 47. d6 Ke8 48. d7+ Kd8 49. Ba5+ Ke7 50. d8=Q+ Kf7 51. Bb4 Kg6 52. Rf4 Kh5
53. Qg8 Kh6 54. Rh4# {Black checkmated} 1-0

[Event "Team 45 45 League T49"]
[Site "Internet Chess Club"]
[Date "2011.06.10"]
[Round "5"]
[White "charles-allen"]
[Black "UsuallySleepy"]
[Result "1-0"]
[WhiteElo "1888"]
[BlackElo "1867"]
[Opening "French: exchange variation"]
[ECO "C01"]
[Time "09:04:09"]
[TimeControl "2700+45"]

1. e4 e6 2. d4 d5 3. exd5 exd5 4. c4 Bb4+ 5. Nc3 Nf6 6. Bd3 dxc4 7. Bxc4 O-O 8.
Ne2 Nc6 9. O-O Bd6 10. Re1 a6 11. a3 b5 12. Ba2 Bb7 13. d5 Ne5 14. Bg5 h6 15.
Bxf6 Qxf6 16. Ne4 Qg6 17. N2g3 Rfe8 18. Rc1 Ng4 19. Qf3 Bxg3 20. Nxg3 Rad8 21.
Bb1 Qg5 22. Ne4 Qh4 23. Qf4 Qh5 24. d6 cxd6 25. Nxd6 Rxe1+ 26. Rxe1 Bd5 27. Nf5
Be6 28. Qc7 Rf8 29. Rxe6 {Black resigns} 1-0

[Event "Team 45 45 League T49"]
[Site "Internet Chess Club"]
[Date "2011.06.12"]
[Round "5"]
[White "kabindra"]
[Black "flyingpawns"]
[Result "1-0"]
[WhiteElo "1859"]
[BlackElo "1695"]
[Opening "French: Tarrasch, closed variation"]
[ECO "C05"]
[Time "11:05:51"]
[TimeControl "2700+45"]

1. e4 e6 2. d4 d5 3. Nd2 c5 4. c3 Nf6 5. e5 Nfd7 6. Bd3 Nc6 7. Ne2 Qb6 8. Nf3
Be7 9. O-O h6 10. Bb1 O-O 11. Qd3 f5 12. exf6 Nxf6 13. Qg6 Kh8 14. Bxh6 gxh6 15.
Qxh6+ Kg8 16. Qg6+ Kh8 17. Ng5 Qc7 18. Qh6+ Kg8 19. Bh7+ Kh8 20. Bf5+ Kg8 21.
Bxe6+ Bxe6 22. Nxe6 Bd6 23. Nxc7 Bxc7 24. Qg6+ Kh8 25. Ng3 Ne7 26. Qg5 Rf7 27.
Rae1 Neg8 28. Re6 Rg7 29. Qf5 Rf8 30. dxc5 Ne7 31. Rxf6 Nxf5 32. Rxf8+ {Black
resigns} 1-0

[Event "Team 45 45 League T49"]
[Site "Internet Chess Club"]
[Date "2011.06.10"]
[Round "5"]
[White "j65536d"]
[Black "loserloser"]
[Result "0-1"]
[WhiteElo "1782"]
[BlackElo "1783"]
[Opening "Pirc: Austrian attack"]
[ECO "B09"]
[Time "12:30:05"]
[TimeControl "2700+45"]

1. e4 d6 2. d4 Nf6 3. Nc3 g6 4. f4 Bg7 5. Nf3 Nbd7 6. e5 Ng8 7. Bc4 Nb6 8. Bb3
Nh6 9. O-O O-O 10. Be3 Ng4 11. Bd2 c5 12. dxc5 dxc5 13. Qe2 Qc7 14. a4 c4 15.
Ba2 Bf5 16. h3 Nh6 17. Nb5 Qc5+ 18. Be3 Qb4 19. c3 Qxa4 20. Nfd4 Bd3 21. Qxd3
cxd3 22. Bxf7+ Rxf7 23. Rxa4 Nxa4 {White resigns} 0-1

[Event "Team 45 45 League T49"]
[Site "Internet Chess Club"]
[Date "2011.06.12"]
[Round "5"]
[White "Muravey"]
[Black "ChessicalZ"]
[Result "1/2-1/2"]
[WhiteElo "1445"]
[BlackElo "1634"]
[Opening "Alekhine's defense"]
[ECO "B02"]
[Time "10:00:20"]
[TimeControl "2700+45"]

1. e4 Nf6 2. e5 Nd5 3. Bc4 Nb6 4. Bb3 Nc6 5. Nf3 d6 6. exd6 exd6 7. O-O Be7 8.
d3 O-O 9. Nc3 Na5 10. Re1 Nxb3 11. axb3 Re8 12. Qe2 Bg4 13. Be3 Bf6 14. h3 Bh5
15. Ra5 Bg6 16. Qd2 c6 17. Qe2 Nd7 18. Ra2 Bh5 19. Ne4 Ne5 20. Ned2 d5 21. Qf1
Nxf3+ 22. Nxf3 Bxf3 23. gxf3 a6 24. Ra4 d4 25. Bf4 Qd5 26. Re4 Re6 27. Qg2 Be5
28. Bxe5 Rxe5 29. Raxd4 Qa5 30. Rg4 Re1+ 31. Kh2 Qe5+ 32. Qg3 Qxg3+ 33. Kxg3 Re2
34. Rc4 f5 35. Rg5 g6 36. f4 Rae8 37. Kf3 R8e7 38. Rg1 Kf8 39. h4 R7e6 40. Rd1
Ke7 41. d4 Kd6 42. Rd3 Re1 43. Kg2 Rb1 44. Rc5 Rxb2 45. Rd2 Re4 46. Kg3 Rb1 47.
Re5 Ree1 48. d5 c5 49. h5 Rg1+ 50. Kf3 Rbe1 51. hxg6 hxg6 52. c4 b5 53. Rde2
Rxe2 54. Kxe2 bxc4 55. bxc4 a5 56. Re6+ Kd7 57. Ra6 Rc1 58. Rxa5 Rxc4 59. Ke3
Rc3+ 60. Kd2 Rc4 61. Ke3 Re4+ 62. Kf3 c4 63. Ra6 Rd4 64. Rc6 {Game drawn by
mutual agreement} 1/2-1/2

[Event "Team 45 45 League T49"]
[Site "Internet Chess Club"]
[Date "2011.06.12"]
[Round "5"]
[White "TheSleepingOne"]
[Black "Walker42"]
[Result "1-0"]
[WhiteElo "2164"]
[BlackElo "2062"]
[Opening "Alekhine's defense: exchange variation"]
[ECO "B03"]
[Time "17:11:19"]
[TimeControl "2700+45"]

1. e4 Nf6 2. e5 Nd5 3. d4 d6 4. c4 Nb6 5. exd6 exd6 6. Nc3 Nc6 7. Be3 Be7 8. Nf3
Bg4 9. h3 Bh5 10. g4 Bg6 11. d5 Ne5 12. Nxe5 dxe5 13. c5 Nd7 14. d6 cxd6 15.
cxd6 Bg5 16. Bxg5 Qxg5 17. h4 Qf4 18. Bg2 Nc5 19. O-O Rd8 20. Nd5 Qd4 21. Rc1
Nd3 22. h5 Nxc1 23. Qxc1 Qxg4 24. hxg6 hxg6 25. Qc5 Qh4 26. Re1 Rh5 27. Re3 Qh2+
28. Kf1 Rg5 29. Bh3 {Black resigns} 1-0

[Event "Team 45 45 League T49"]
[Site "Internet Chess Club"]
[Date "2011.06.14"]
[Round "5"]
[White "imgr8"]
[Black "Uragon-bocho"]
[Result "0-1"]
[WhiteElo "2089"]
[BlackElo "2005"]
[Opening "Sicilian: Alapin's variation (2.c3)"]
[ECO "B22"]
[Time "12:17:11"]
[TimeControl "2700+45"]

1. e4 c5 2. c3 d6 3. d4 cxd4 4. cxd4 g6 5. Nc3 Bg7 6. Nf3 Nf6 7. h3 O-O 8. Bd3
e6 9. Bg5 Qb6 10. Qd2 Nc6 11. Be3 d5 12. e5 Nd7 13. h4 f5 14. h5 f4 15. hxg6
fxe3 16. gxh7+ Kh8 17. fxe3 Ndxe5 18. dxe5 Nxe5 19. O-O-O Bd7 20. Kb1 Nxf3 21.
gxf3 Rxf3 22. Qg2 Bxc3 23. Rdg1 Qxb2+ 24. Qxb2 Bxb2 25. Kxb2 Rxe3 26. Bc2 Re2
27. Rg5 Rc8 28. Rhg1 Rexc2+ 29. Kb1 Be8 30. Rf1 R2c7 31. Rfg1 Rf7 32. Kb2 Bd7
33. Rg8+ Kxh7 34. R8g5 Kh8 35. Rh1+ Rh7 36. Rhg1 d4 37. R1g3 Rh2+ 38. Kb1 e5 39.
Rxe5 Re8 {White resigns} 0-1

[Event "Team 45 45 League T49"]
[Site "Internet Chess Club"]
[Date "2011.06.13"]
[Round "5"]
[White "Freitac"]
[Black "snottgoblin"]
[Result "1-0"]
[WhiteElo "1923"]
[BlackElo "2000"]
[Opening "Catalan opening"]
[ECO "E00"]
[Time "20:34:23"]
[TimeControl "2700+45"]

1. d4 Nf6 2. c4 e6 3. g3 d5 4. Nf3 c5 5. cxd5 Nxd5 6. Bg2 cxd4 7. Nxd4 Bb4+ 8.
Bd2 Qb6 9. Bxb4 Qxb4+ 10. Qd2 Qxd2+ 11. Nxd2 Bd7 12. Nc4 Nc6 13. Nb3 b6 14. O-O
Rd8 15. Rac1 Ke7 16. Rfd1 Ndb4 17. a3 Na6 18. Nxb6 axb6 19. Bxc6 Bxc6 20. Rxd8
Rxd8 21. Rxc6 Rd6 22. Rc2 Kd7 23. Kf1 Rc6 24. Rd2+ Rd6 25. Ke1 Rxd2 26. Kxd2 Kd6
27. Kd3 Nc7 28. Nd2 f5 29. Nc4+ Kc6 30. Kd4 g6 31. Ke5 b5 32. Nd6 Kd7 33. b3 Kc6
34. Nf7 Kd7 35. h4 Nd5 36. Ng5 h6 37. Nxe6 Nc3 38. a4 bxa4 39. bxa4 Ke7 40. Nf4
Nxa4 41. Nxg6+ Kf7 42. Kxf5 Nc5 43. Nf4 Nb3 44. Ke5 Nc5 45. e4 Nd7+ 46. Kd6 Nf6
47. f3 Ne8+ 48. Ke5 Nf6 49. Nd5 Nd7+ 50. Kf5 Nc5 51. g4 Ne6 52. g5 hxg5 53. hxg5
Nd4+ 54. Kg4 Nc6 55. f4 Kg7 56. Ne3 Nb4 57. Nc4 Nd3 58. f5 Nf2+ 59. Kf3 Nh3 60.
g6 Kf6 61. Ke3 Ng5 62. Nd2 Nh3 63. Nf3 Kg7 64. e5 Kg8 65. f6 Kf8 66. e6 {Black
resigns} 1-0

[Event "Team 45 45 League T49"]
[Site "Internet Chess Club"]
[Date "2011.06.13"]
[Round "5"]
[White "irock"]
[Black "AntonioMendonca"]
[Result "1-0"]
[WhiteElo "1831"]
[BlackElo "1518"]
[Opening "French: exchange variation"]
[ECO "C01"]
[Time "18:08:51"]
[TimeControl "2700+45"]

1. e4 e6 2. d4 d5 3. exd5 exd5 4. c4 Be6 5. cxd5 Bxd5 6. Nf3 Nc6 7. Be3 Nf6 8.
Nc3 Bb4 9. Bd3 O-O 10. O-O Bxc3 11. bxc3 Re8 12. Re1 Qd6 13. Nd2 Ne7 14. c4 Bc6
15. Rb1 b6 16. d5 Bb7 17. Bd4 Ng6 18. Ne4 Nxe4 19. Bxe4 c5 20. Bc3 Ne5 21. Bxh7+
Kf8 22. Bd3 Ba6 23. Bxe5 Rxe5 24. Qa4 Bc8 25. Rxe5 Qxe5 26. Qc6 Rb8 27. d6 Qe8
28. Qc7 Rb7 29. d7 Rxc7 30. dxe8=Q+ Kxe8 31. Re1+ Re7 32. Rxe7+ Kxe7 33. Kf1 g5
34. Ke2 Kd6 35. Ke3 Ke5 36. g3 g4 37. Be4 a6 38. f4+ gxf3 39. Bxf3 Bf5 40. Be2
Bb1 41. a3 Kf5 42. h4 Be4 43. g4+ Ke5 44. Bf3 Bc2 45. Be2 f5 46. g5 f4+ 47. Kf3
Be4+ 48. Kg4 Bf5+ 49. Kh5 a5 50. Kh6 Be6 51. Kg7 Kf5 52. g6 f3 53. Bxf3 Bxc4 54.
h5 Bd3 55. h6 Kg5 56. h7 Bxg6 57. h8=Q Bd3 58. Qh6+ {Black resigns} 1-0

[Event "Team 45 45 League T49"]
[Site "Internet Chess Club"]
[Date "2011.06.13"]
[Round "5"]
[White "Terte"]
[Black "QueensCounselor"]
[Result "1/2-1/2"]
[WhiteElo "1975"]
[BlackElo "2151"]
[Opening "Petrov: classical attack, Chigorin variation"]
[ECO "C42"]
[Time "04:04:47"]
[TimeControl "2700+45"]

1. e4 e5 2. Nf3 Nf6 3. Nxe5 d6 4. Nf3 Nxe4 5. d4 d5 6. Bd3 Be7 7. O-O Nc6 8. Re1
Bg4 9. c4 Nf6 10. Nc3 O-O 11. cxd5 Nb4 12. Bg5 Bxf3 13. Qxf3 Nxd3 14. Qxd3 Nxd5
{Game drawn by mutual agreement} 1/2-1/2

[Event "Team 45 45 League T49"]
[Site "Internet Chess Club"]
[Date "2011.06.12"]
[Round "5"]
[White "fledermaus"]
[Black "Pason"]
[Result "1/2-1/2"]
[WhiteElo "1949"]
[BlackElo "2043"]
[Opening "Dutch: classical variation"]
[ECO "A96"]
[Time "12:01:15"]
[TimeControl "2700+45"]

1. c4 e6 2. Nf3 f5 3. g3 Nf6 4. Bg2 Be7 5. O-O O-O 6. d4 d6 7. Nc3 a5 8. b3 Qe8
9. Ba3 Na6 10. e3 c6 11. Na4 Nd7 12. Nc3 Rb8 13. Qe2 d5 14. Bxe7 Qxe7 15. Rac1
Nc7 16. cxd5 exd5 17. Na4 Ne8 18. Nc5 Nd6 19. Nxd7 Bxd7 20. Ne5 Nf7 21. f4 Nxe5
22. dxe5 Ra8 23. Qb2 Qb4 24. Rfd1 Qb6 25. Qd4 Qxd4 26. exd4 Kf7 {Game drawn by
mutual agreement} 1/2-1/2

[Event "Team 45 45 League T49"]
[Site "Internet Chess Club"]
[Date "2011.06.11"]
[Round "5"]
[White "poni"]
[Black "dinin"]
[Result "0-1"]
[WhiteElo "1959"]
[BlackElo "1932"]
[Opening "Réti: King's Indian attack"]
[ECO "A05"]
[Time "09:22:18"]
[TimeControl "2700+45"]

1. Nf3 Nf6 2. g3 g6 3. Bg2 Bg7 4. O-O O-O 5. c4 c5 6. Nc3 e6 7. d4 Nc6 8. e4
cxd4 9. Nxd4 Nxe4 10. Nxe4 Nxd4 11. Nd6 Qc7 12. Nxc8 Raxc8 13. Be3 Qxc4 14. Bxb7
Rb8 15. Bxd4 Qxd4 16. Bg2 Rxb2 17. Qf3 d5 18. Rfd1 Qb6 19. Rdc1 a5 20. a3 Rb3
{White resigns} 0-1

[Event "Team 45 45 League T49"]
[Site "Internet Chess Club"]
[Date "2011.06.12"]
[Round "5"]
[White "fishhead"]
[Black "koni"]
[Result "1-0"]
[WhiteElo "1891"]
[BlackElo "1888"]
[Opening "Sicilian: Pelikan, Chelyabinsk variation"]
[ECO "B33"]
[Time "16:24:14"]
[TimeControl "2700+45"]

1. e4 c5 2. Nf3 Nc6 3. d4 cxd4 4. Nxd4 Nf6 5. Nc3 e5 6. Ndb5 d6 7. Bg5 a6 8. Na3
b5 9. Nd5 Be7 10. Bxf6 Bxf6 11. c4 b4 12. Nc2 a5 13. Be2 O-O 14. O-O Bg5 15. Bg4
Kh8 16. g3 f5 17. Bxf5 Bxf5 18. exf5 Rxf5 19. Nce3 Rf7 20. Qg4 Nd4 21. f4 exf4
22. gxf4 Bf6 23. Rad1 Nc6 24. b3 Bd4 25. Kh1 Bc5 26. Rf3 Qc8 27. h3 Qb7 28. Kh2
Raf8 29. Ng2 Ne5 30. fxe5 Rxf3 31. e6 Rf2 32. e7 Re8 33. Qe6 h6 34. Kg3 Rxa2 35.
Rf1 Qa8 36. Nh4 Kh7 37. Rf7 Rg8 38. Nf6+ Kh8 39. Ng6# {Black checkmated} 1-0

[Event "Team 45 45 League T49"]
[Site "Internet Chess Club"]
[Date "2011.06.10"]
[Round "5"]
[White "SugarIslander"]
[Black "randallsr"]
[Result "1/2-1/2"]
[WhiteElo "1706"]
[BlackElo "1736"]
[Opening "Queen's Indian: Petrosian system"]
[ECO "E12"]
[Time "14:20:39"]
[TimeControl "2700+45"]

1. d4 e6 2. c4 b6 3. Nf3 Nf6 4. a3 Be7 5. Nc3 Bb7 6. e3 d6 7. Bd3 Nbd7 8. O-O c5
9. e4 cxd4 10. Nxd4 Nc5 11. Re1 Nxd3 12. Qxd3 Rc8 13. f3 O-O 14. Be3 h6 15. Rad1
Ba6 16. b3 d5 17. exd5 exd5 18. Ndb5 Bxb5 19. cxb5 Bxa3 20. Nxd5 Nxd5 21. Qxd5
Qxd5 22. Rxd5 Rc3 23. Rd7 Rxb3 24. Rxa7 Rxe3 25. Rxe3 Bc5 26. Kf2 f5 27. Ke2
Bxe3 28. Kxe3 Rc8 29. Rb7 Rc2 30. g3 Rxh2 31. Rxb6 Rb2 32. Kf4 Rb3 33. Rb7 Kh7
34. g4 fxg4 35. fxg4 Kg6 36. b6 Rb4+ 37. Kg3 Rb3+ 38. Kf4 Rb4+ 39. Kg3 Rb3+ 40.
Kf4 {Game drawn by repetition} 1/2-1/2

[Event "Team 45 45 League T49"]
[Site "Internet Chess Club"]
[Date "2011.06.11"]
[Round "5"]
[White "Signalman"]
[Black "oldsj"]
[Result "1-0"]
[WhiteElo "1572"]
[BlackElo "1565"]
[Opening "Center game: Berger variation"]
[ECO "C22"]
[Time "09:18:04"]
[TimeControl "2700+45"]

1. e4 e5 2. d4 exd4 3. Qxd4 Nc6 4. Qe3 Nf6 5. Nc3 Bb4 6. Bd2 O-O 7. O-O-O Re8 8.
Qg3 Rxe4 9. a3 Bd6 10. f4 Re8 11. Bd3 b6 12. Nf3 Bb7 13. Rde1 h6 14. Rxe8+ Qxe8
15. Re1 Qf8 16. Nb5 Nh5 17. Qh4 Nf6 18. g4 Be7 19. g5 Nd5 20. c4 Bxg5 21. fxg5
Nde7 22. gxh6 Ng6 23. hxg7 Qxg7 24. Bxg6 fxg6 25. Nxc7 Rf8 26. Bh6 Qf7 27. Ng5
Qf6 28. Bxf8 {Black resigns} 1-0

[Event "Team 45 45 League T49"]
[Site "Internet Chess Club"]
[Date "2011.06.11"]
[Round "5"]
[White "rom1"]
[Black "chrisgianno"]
[Result "1-0"]
[WhiteElo "1557"]
[BlackElo "1555"]
[Opening "QGD: Chigorin defense, Janowski variation"]
[ECO "D07"]
[Time "14:27:25"]
[TimeControl "2700+45"]

1. d4 d5 2. c4 Nc6 3. Nf3 dxc4 4. Nc3 Nf6 5. e4 Bg4 6. Be3 e6 7. Bxc4 Bb4 8. e5
Ne4 9. Qc2 Bf5 10. Bd3 Nxc3 11. bxc3 Bxd3 12. Qxd3 Ba5 13. O-O Qe7 14. Rab1 Bb6
15. Rfd1 O-O-O 16. Bf4 Rd5 17. Rb5 Rhd8 18. Rxd5 Rxd5 19. Qxh7 g6 20. Bg5 Qf8
21. Bf6 Ra5 22. Ng5 Rxa2 23. Nxf7 Rc2 24. Qxg6 Rxc3 25. Bg7 Qg8 26. Qxe6+ Kb8
27. d5 Nd4 28. Qf6 Ne2+ 29. Kf1 Rc2 30. e6 Nc3 31. Qd8+ Qxd8 32. Nxd8 Nxd1 33.
e7 Nxf2 34. e8=Q a5 35. Nc6# {Black checkmated} 1-0

[Event "Team 45 45 League T49"]
[Site "Internet Chess Club"]
[Date "2011.06.10"]
[Round "5"]
[White "werty"]
[Black "smsxman"]
[Result "0-1"]
[WhiteElo "1552"]
[BlackElo "1466"]
[Opening "Queen's pawn game"]
[ECO "D04"]
[Time "04:00:07"]
[TimeControl "2700+45"]

1. d4 d5 2. Nf3 Nf6 3. e3 Nc6 4. c4 e6 5. Nc3 Bd7 6. cxd5 exd5 7. Bd3 Be7 8. O-O
O-O 9. Re1 Re8 10. e4 dxe4 11. Nxe4 Bg4 12. Nxf6+ Bxf6 13. Rxe8+ Qxe8 14. Be3
Rd8 15. d5 Nb4 16. Qb3 Bxf3 17. gxf3 Nxd5 18. Bc4 Nxe3 19. Bxf7+ Qxf7 {White
resigns} 0-1

[Event "Team 45 45 League T49"]
[Site "Internet Chess Club"]
[Date "2011.06.13"]
[Round "5"]
[White "ryan2chess"]
[Black "civilization"]
[Result "1-0"]
[WhiteElo "1914"]
[BlackElo "1757"]
[Opening "Sicilian: Pin, Koch variation"]
[ECO "B41"]
[Time "20:01:26"]
[TimeControl "2700+45"]

1. e4 c5 2. Nf3 e6 3. d4 cxd4 4. Nxd4 Nf6 5. Nc3 Bb4 6. e5 Nd5 7. Qg4 Kf8 8. Bd2
Nxc3 9. bxc3 Be7 10. Bd3 a6 11. O-O Nc6 12. f4 d6 13. exd6 Qxd6 14. Be3 Bf6 15.
f5 Nxd4 16. Bxd4 Bxd4+ 17. cxd4 Bd7 18. f6 g6 19. Qh4 Ke8 20. Bxg6 fxg6 21. f7+
Kf8 22. Qh6+ Ke7 23. Qg7 Raf8 24. Qf6# {Black checkmated} 1-0

[Event "Team 45 45 League T49"]
[Site "Internet Chess Club"]
[Date "2011.06.12"]
[Round "5"]
[White "Theodulf"]
[Black "Nikhil03"]
[Result "0-1"]
[WhiteElo "1657"]
[BlackElo "1662"]
[Opening "Sicilian: Alapin's variation (2.c3)"]
[ECO "B22"]
[Time "10:01:53"]
[TimeControl "2700+45"]

1. e4 c5 2. c3 e6 3. d4 cxd4 4. cxd4 d5 5. exd5 exd5 6. Nc3 Nf6 7. Nf3 Nc6 8.
Bd3 Bd6 9. Qe2+ Be6 10. O-O O-O 11. Bg5 h6 12. Bh4 Bg4 13. Bxf6 Qxf6 14. Nxd5
Qe6 15. Qxe6 fxe6 16. Ne3 Bxf3 17. gxf3 Nxd4 18. Be4 Nxf3+ 19. Bxf3 Rxf3 20. Kg2
Raf8 21. Rad1 Bc5 22. a3 Bxe3 23. fxe3 Rxf1 24. Rxf1 Rxf1 25. Kxf1 Kf7 26. Kf2
Kf6 27. e4 Ke5 28. Ke3 g5 29. a4 h5 30. a5 g4 31. b4 h4 32. b5 g3 33. h3 g2 34.
Kf2 Kxe4 35. Kxg2 Kf4 36. Kf2 e5 37. b6 axb6 38. axb6 e4 39. Ke2 e3 40. Ke1 Kf3
41. Kf1 Kg3 42. Ke2 Kxh3 43. Kxe3 Kg2 {White resigns} 0-1

[Event "Team 45 45 League T49"]
[Site "Internet Chess Club"]
[Date "2011.06.12"]
[Round "5"]
[White "matthewc"]
[Black "anna"]
[Result "0-1"]
[WhiteElo "1391"]
[BlackElo "1411"]
[Opening "King's gambit"]
[ECO "C30"]
[Time "19:32:16"]
[TimeControl "2700+45"]

1. e4 e5 2. f4 d6 3. Nf3 Nc6 4. Bc4 Be6 5. Bxe6 fxe6 6. fxe5 dxe5 7. O-O Nf6 8.
d3 Bc5+ 9. Kh1 Ng4 10. Bg5 Qd7 11. Bh4 Ne3 12. Qe2 Nxf1 13. Qxf1 O-O 14. Nc3 Nd4
15. Qd1 Nxf3 16. gxf3 Qf7 17. Qe2 Qxf3+ 18. Qxf3 Rxf3 19. Kg2 Raf8 20. Na4 Be3
21. Rd1 g5 22. Bg3 h5 23. Bxe5 Rf2+ 24. Kh1 Rf1+ 25. Rxf1 Rxf1+ 26. Kg2 Rf2+ 27.
Kg3 h4+ 28. Kh3 Rxc2 29. Nc3 Bf4 30. Bxf4 gxf4 31. Nb5 f3 32. Nd4 f2 33. Kg2
Rxb2 34. Nxe6 h3+ 35. Kf1 Rxa2 36. Nxc7 Rd2 37. Nb5 Rxd3 38. Nxa7 Re3 39. Kxf2
Rxe4 40. Kg3 Ra4 41. Nb5 Rb4 42. Nd6 b5 43. Kxh3 Rb2 44. Kg3 b4 45. Kf3 b3 46.
Ke3 Rxh2 47. Kd3 b2 48. Nc4 b1=Q+ {White resigns} 0-1

[Event "Team 45 45 League T49"]
[Site "Internet Chess Club"]
[Date "2011.06.09"]
[Round "5"]
[White "Ivio"]
[Black "PJ"]
[Result "1/2-1/2"]
[WhiteElo "1730"]
[BlackElo "1692"]
[Opening "King's Indian: Torre attack"]
[ECO "A48"]
[Time "14:01:33"]
[TimeControl "2700+45"]

1. d4 Nf6 2. Nf3 g6 3. Bg5 Bg7 4. Qd2 Ne4 5. Qd1 Nxg5 6. Nxg5 c5 7. e3 cxd4 8.
exd4 Qa5+ 9. Qd2 Qxd2+ 10. Nxd2 Bxd4 11. c3 Bg7 12. Bc4 O-O 13. O-O e6 14. Be2
d5 15. Ngf3 Nc6 16. Nb3 b6 17. Rad1 Bb7 18. Rfe1 Rfd8 19. Bb5 a6 20. Bxc6 Bxc6
21. Ne5 Bxe5 22. Rxe5 Ba4 23. Rd4 Bxb3 24. axb3 Rd6 25. g3 f6 26. Re1 Kf7 {Game
drawn by mutual agreement} 1/2-1/2

[Event "Team 45 45 League T49"]
[Site "Internet Chess Club"]
[Date "2011.06.10"]
[Round "5"]
[White "ElMarginal"]
[Black "Berke"]
[Result "1-0"]
[WhiteElo "1594"]
[BlackElo "1573"]
[Opening "Caro-Kann: advance variation"]
[ECO "B12"]
[Time "17:06:34"]
[TimeControl "2700+45"]

1. e4 c6 2. d4 d5 3. e5 Bf5 4. Nf3 e6 5. Nbd2 Nd7 6. Be2 Ne7 7. c3 Bg4 8. h3 Bh5
9. Nf1 Bxf3 10. Bxf3 Nf5 11. Ne3 Nh4 12. Bg4 Be7 13. g3 Ng6 14. Qb3 Qc7 15. Bd2
a5 16. c4 a4 17. Qd3 h5 18. Bf3 h4 19. cxd5 exd5 20. Rc1 Qb6 21. Nf5 hxg3 22.
fxg3 Bf8 23. Rc2 a3 24. b3 Rg8 25. Qe2 Be7 26. e6 fxe6 27. Qxe6 Ngf8 28. Qxe7#
{Black checkmated} 1-0

[Event "Team 45 45 League T49"]
[Site "Internet Chess Club"]
[Date "2011.06.12"]
[Round "5"]
[White "krysto"]
[Black "Timotheous"]
[Result "0-1"]
[WhiteElo "1615"]
[BlackElo "1809"]
[Opening "Benkö gambit half accepted"]
[ECO "A57"]
[Time "20:19:55"]
[TimeControl "2700+45"]

1. d4 Nf6 2. c4 c5 3. d5 b5 4. cxb5 a6 5. b6 Qxb6 6. Nc3 g6 7. Nf3 d6 8. Nd2 Bg7
9. e4 Nbd7 10. Nc4 Qc7 11. Bf4 Nh5 12. Bd2 O-O 13. Be2 Nhf6 14. Bf4 Bb7 15. O-O
h6 16. h3 Ne8 17. Qd2 Kh7 18. Bh2 Nb6 19. Ne3 Nf6 20. f4 Nfd7 21. Rad1 Rad8 22.
Ng4 f5 23. Nf2 Bd4 24. exf5 gxf5 25. Bd3 Nxd5 26. Nxd5 Bxd5 27. g4 e6 28. b4 Qc6
29. Rc1 Bh1 30. Be4 Qxe4 {White resigns} 0-1